AoeStats
← Dobby

Arabia

510736622Analyzed
3v3 RM · 16h ago on Oct 2, 2026· 77m 33s· 6 players
Game mode
Random Map
Map size
Normal (6 player)
Population
200
Speed
Normal
Resources
Standard
Victory
Conquest
Starting age
Dark Age
Ending age
Imperial Age
RankedLock teamsTeams togetherTeam positionsShared explorationLock speedFull tech treeHidden civsTurbo modeCheats
Victory
Defeat
🇮🇳 Saxons · India
1408
+14
🇮🇳 Huns · India
1406
+15
1371
+16
🇦🇺 Britons · Australia
1459
-18
🇦🇺 Varangians · Australia
1395
-16
🇦🇺 Khitans · Australia
1269
-11
Kwisatz Haderach
6:07 Loom
9:18 Feudal Age
9:52 Double-Bit Axe
9:53 Horse Collar
11:53 Bloodlines
14:48 Scale Barding Armor
27:33 Castle Age
26:38 Forging
27:35 Light Cavalry
32:13 Chain Barding Armor
38:07 Iron Casting
45:05 Imperial Age
44:33 Fletching
45:39 Scale Mail Armor
47:11 Wheelbarrow
47:18 Bow Saw
47:09 Heavy Plow
51:13 Chain Mail Armor
55:01 Elite Varangian Guard
62:51 Squires
72:12 Plate Mail Armor
Timoisgr8
7:48 Loom
9:45 Feudal Age
10:44 Double-Bit Axe
13:57 Wheelbarrow
20:20 Castle Age
19:31 Fletching
20:19 Padded Archer Armor
20:15 Gold Mining
20:28 Crossbowman
21:04 Bodkin Arrow
22:49 Leather Archer Armor
26:42 Bow Saw
27:03 Horse Collar
30:10 Ballistics
36:47 Imperial Age
37:20 Hand Cart
36:51 Town Watch
37:36 Bracer
37:19 Arbalester
39:20 Chemistry
40:14 Elite Skirmisher
42:09 Yeomen
42:10 Conscription
43:32 Ring Archer Armor
44:37 Coinage
44:46 Siege Engineers
50:35 Gold Shaft Mining
49:50 Stone Mining
50:49 Pikeman
51:40 Forging
51:30 Scale Mail Armor
51:17 Halberdier
53:15 Iron Casting
52:28 Gambesons
52:44 Squires
52:29 Arson
52:53 Heavy Plow
54:25 Chain Mail Armor
60:11 Blast Furnace
59:41 Plate Mail Armor
60:30 Man-at-Arms
62:25 Banking
61:56 Caravan
64:11 Murder Holes
64:26 Fortified Wall
64:27 Masonry
65:50 Two-Man Saw
68:23 Warwolf
Bfish
5:16 Loom
10:17 Feudal Age
11:37 Double-Bit Axe
18:34 Domestication
22:28 Forging
22:24 Scale Barding Armor
27:16 Castle Age
28:09 Husbandry
27:38 Light Cavalry
28:19 Husbandry
29:02 Iron Casting
32:42 Husbandry
34:35 Chain Barding Armor
37:29 Bow Saw
37:22 Pastoralism
39:41 Fletching
42:17 Wheelbarrow
46:03 Imperial Age
43:53 Hand Cart
46:09 Heavy Camel Rider
49:26 Hussar
51:13 Gold Mining
53:16 Plate Barding Armor
59:06 Stone Mining
60:57 Town Watch
62:19 Caravan
63:16 Conscription
62:24 Elite Liao Dao
63:13 Ordo Cavalry
63:08 Elite Steppe Lancer
66:51 Stone Shaft Mining
Weary Sigh
6:15 Loom
8:54 Feudal Age
10:07 Double-Bit Axe
16:03 Fletching
20:06 Horse Collar
24:32 Castle Age
23:01 Town Watch
23:31 Padded Archer Armor
23:31 Scale Mail Armor
24:57 Crossbowman
25:33 Bodkin Arrow
26:21 Bow Saw
26:31 Gold Mining
32:27 Wheelbarrow
32:12 Chain Mail Armor
32:33 Squires
32:18 Arson
32:40 Gambesons
34:19 Stone Mining
35:08 Forging
40:03 Imperial Age
40:13 Elite Varangian Guard
41:31 Plate Mail Armor
42:09 Conscription
43:06 Shield Wall
45:17 Pikeman
48:36 Iron Casting
48:47 Gold Shaft Mining
48:23 Halberdier
50:25 Thumb Ring
50:21 Bracer
52:44 Arbalester
53:53 Ballistics
54:34 Chemistry
53:40 Siege Engineers
54:46 Leather Archer Armor
57:00 Coinage
57:09 Elite Hearth Troop
60:13 Ring Archer Armor
65:34 Two-Man Saw
64:42 Heavy Plow
70:34 Hoardings
70:08 Murder Holes
70:26 Masonry
69:56 Treadmill Crane
75:46 Caravan
Dobby
8:46 Feudal Age
8:07 Loom
9:35 Double-Bit Axe
9:43 Horse Collar
14:46 Forging
18:26 Scale Barding Armor
19:22 Bloodlines
23:57 Castle Age
23:25 Gold Mining
24:11 Light Cavalry
24:52 Husbandry
25:13 Chain Barding Armor
24:53 Scale Mail Armor
25:12 Bow Saw
26:50 Iron Casting
28:54 Heavy Plow
29:55 Gold Shaft Mining
33:45 Wheelbarrow
32:58 Town Watch
33:50 Fletching
35:47 Stone Mining
37:33 Hand Cart
40:45 Imperial Age
40:52 Imperial Age
41:26 Masonry
41:13 Bodkin Arrow
41:01 Cavalier
42:17 Plate Barding Armor
42:54 Blast Furnace
42:42 Conscription
42:41 Paladin
45:14 Bracer
48:05 Coinage
50:20 Capped Ram
51:44 Banking
51:11 Siege Ram
52:58 Caravan
65:43 Two-Man Saw
76:46 Atheism
Comrades of Kankidiot
12:51 Feudal Age
12:13 Loom
14:31 Fletching
23:13 Castle Age
21:17 Horse Collar
21:34 Double-Bit Axe
22:11 Gold Mining
22:43 Padded Archer Armor
23:14 Crossbowman
24:00 Bodkin Arrow
27:53 Wheelbarrow
29:08 Ballistics
29:10 Leather Archer Armor
36:20 Imperial Age
35:01 Thumb Ring
36:30 Arbalester
37:41 Elite Skirmisher
40:10 Bracer
62:20 Chemistry
65:32 Ring Archer Armor
66:35 Caravan
71:34 Hand Cart
71:05 Town Watch
Connection lost

Rejoining the realm…

Still unreachable

The connection could not be restored.

Session expired

The server has moved on; the page needs a fresh start.